 Dungeon Sprint DCSS version 0.31-a0-37-g98a128e1d9 (webtiles) character file.

Game seed: 5247517771051856024

3124 sircluck the Brawler (level 9, -9/101 HPs)
             Began as a Troll Berserker on May 15, 2023.
             Was the Champion of Trog.
             Mangled by a rakshasa
             ... wielding a +0 trident
              (19 damage)
             ... in the Dungeon (Sprint VII: "The Pits").
             The game lasted 00:02:45 (586 turns).

sircluck the Brawler (Troll Berserker)               Turns: 586, Time: 00:02:45

Health: -9/101     AC:  7    Str: 31    XL:     9   Next: 61%
Magic:  8/8        EV: 13    Int:  3    God:    Trog [******]
Gold:   0          SH:  0    Dex: 12    Spells: 8/8 levels left

rFire   . .          .
                       - Unarmed
rCold   . . .        (no shield)
rNeg    . . .        a - +0 animal skin
rPois   .            (helmet restricted)
rElec   .            (no cloak)
rCorr   .            (gloves unavailable)
SInv    .            (boots unavailable)
Will    .....        (no amulet)
Stlth   +            g - +3 ring of protection
HPRegen 1.16/turn    j - +3 ring of dexterity
MPRegen 0.11/turn

%: no teleportation
@: no status effects
A: large, unfitting armour, claws 3, regeneration 1, shaggy fur 1, tough skin 1
a: Renounce Religion, Berserk, Trog's Hand, Brothers in Arms


You were in the Dungeon.
You worshipped Trog.
Trog was exalted by your worship.
You visited 1 branch

Inventory:

Armour
 a - a +0 animal skin (worn)
Jewellery
 g - a +3 ring of protection (left claw)
 j - a +3 ring of dexterity (right claw)
Scrolls
 i - a scroll of butterflies
Potions
 b - 6 potions of curing
 c - 6 potions of heal wounds
 d - 2 potions of haste
 e - 4 potions of magic
 f - 3 potions of berserk rage
 h - 2 potions of invisibility
 k - 3 potions of might
 l - a potion of resistance


   Skills:
 + Level 10.0 Fighting
 + Level 10.6 Dodging
 + Level 15.2 Unarmed Combat


You had 8 spell levels left.
You didn't know any spells.
Your spell library was empty.

Dungeon Overview and Level Annotations

Branches:
Dungeon (1/1)

Altars:
Ashenzari
Cheibriados
Dithmenos
Elyvilon
Fedhas
Gozag
Hepliaklqana
Kikubaaqudgha
Makhleb
Nemelex Xobeh
Okawaru
Qazlal
Ru
Sif Muna
Trog
Uskayaw
Vehumet
Wu Jian
Xom
Yredelemnul
Zin
The Shining One
Jiyva
Lugonu


Innate Abilities, Weirdness & Mutations

You are too large for most types of armour.
You have claws for hands.
Your natural rate of healing is unusually fast.
You are covered in fur. (AC +1)
You have tough skin. (AC +1)


Message History

You are held in a net!
You are held in a net!
You are held in a net!
You are held in a net!
You are held in a net!
You are held in a net!
You are held in a net!
You are held in a net!
You are held in a net!
You are held in a net!
Unknown command.
You struggle against the net.
The wolf bites you. x2
The merfolk hits you from afar with a +0 trident!
You struggle against the net.
The wolf bites you but does no damage.
The rakshasa hits you from afar with a +0 trident.
The chaos spawn hits you but does no damage.
The merfolk closely misses you. The wolf bites you.
You struggle against the net.
The wolf bites you.
The rakshasa hits you from afar with a +0 trident!
The chaos spawn hits you.
The merfolk hits you from afar with a +0 trident!
* * * LOW HITPOINT WARNING * * *
Unknown command.
Unknown command.
You struggle against the net.
The wolf bites you.
* * * LOW HITPOINT WARNING * * *
The rakshasa hits you from afar with a +0 trident.
* * * LOW HITPOINT WARNING * * *
The chaos spawn hits you.
* * * LOW HITPOINT WARNING * * *
The chaos spawn shocks you!
* * * LOW HITPOINT WARNING * * *
The wolf barely misses you.
The merfolk hits you from afar with a +0 trident.
* * * LOW HITPOINT WARNING * * *
Unknown command.
You rip the net and break free!
The wolf bites you.
* * * LOW HITPOINT WARNING * * *
The rakshasa hits you from afar with a +0 trident!!
You die...

..........+
#..#......#
..........#
###''######
.##''#####
##########
.##......# ........#
.##...†..# .m....#
.###....## ####4hR#
.# ##')## ###..'@..+
.###.†))###....##+##
.##...)..#....##
###......'....+
###......#.)..#
[###....###....# [#
##''## ###..+
)###....## ####
)##......#


You could see a rakshasa, a merfolk, a chaos spawn and a wolf.

Vanquished Creatures
  An orc sorcerer (D)
  A komodo dragon (D)
  A small abomination (D)
  A flying skull (D)
  A ynoxinul (D)
  A wraith (D)
  A spriggan (D)
  A steam dragon (D)
  Menkaure (D)
  A floating eye (D)
  A wolf (D)
  A centaur (D)
  A scorpion (D)
  A gnoll sergeant (D)
  2 gnoll boudas (D)
  2 adders (D)
  10 gnolls (D)
  A river rat (D)
  A worm (D)
  5 orcs (D)
  A ball python (D)
  A bat zombie (D)
  A goblin (D)
  A hobgoblin (D)
  A quokka skeleton (D)
  A rat (D)
41 creatures vanquished.

Vanquished Creatures (collateral kills)
  An orc knight (D)
  An orc sorcerer (D)
  3 gnolls (D)
  5 orcs (D)
10 creatures vanquished.

Grand Total: 51 creatures vanquished

Notes
Turn   | Place    | Note
-------+----------+-------------------------------------------
     0 | D        | sircluck the Troll Berserker began the quest for the Orb.
     0 | D        | Reached XP level 1. HP: 22/22 MP: 0/0
    58 | D        | Found a bloodstained altar of Trog.
    58 | D        | Found a shimmering blue altar of Sif Muna.
    58 | D        | Found a viscous altar of Jiyva.
    58 | D        | Found a hazy altar of Hepliaklqana.
    58 | D        | Found an opulent altar of Gozag.
    59 | D        | Found a glowing golden altar of the Shining One.
    59 | D        | Found a glowing silver altar of Zin.
    59 | D        | Found a basalt altar of Yredelemnul.
    59 | D        | Found a shimmering altar of Xom.
    59 | D        | Found an ornate altar of the Wu Jian Council.
    59 | D        | Found a sacrificial altar of Ru.
    59 | D        | Found a stormy altar of Qazlal.
    59 | D        | Found an iron altar of Okawaru.
    59 | D        | Found a sparkling altar of Nemelex Xobeh.
    59 | D        | Found a burning altar of Makhleb.
    59 | D        | Found a blossoming altar of Fedhas.
    59 | D        | Found a white marble altar of Elyvilon.
    59 | D        | Found a shadowy altar of Dithmenos.
    59 | D        | Found a snail-covered altar of Cheibriados.
    61 | D        | Found a radiant altar of Vehumet.
    61 | D        | Found a corrupted altar of Lugonu.
    62 | D        | Found a hide-covered altar of Uskayaw.
    62 | D        | Found an ancient bone altar of Kikubaaqudgha.
    62 | D        | Found a broken altar of Ashenzari.
    89 | D        | Noticed a floating eye
    92 | D        | Killed a floating eye
    93 | D        | Reached skill level 5 in Unarmed Combat
    93 | D        | Reached XP level 2. HP: 33/33 MP: 1/1
    93 | D        | Reached XP level 3. HP: 41/41 MP: 2/2
    93 | D        | Reached XP level 4. HP: 49/49 MP: 3/3
    94 | D        | Reached ** piety under Trog
    95 | D        | Reached skill level 5 in Fighting
    95 | D        | Reached skill level 5 in Dodging
    95 | D        | Reached skill level 6 in Unarmed Combat
   112 | D        | Noticed a scorpion
   115 | D        | Killed a scorpion
   115 | D        | Reached *** piety under Trog
   116 | D        | Reached skill level 7 in Unarmed Combat
   116 | D        | Reached XP level 5. HP: 52/59 MP: 4/4
   184 | D        | Reached **** piety under Trog
   198 | D        | Reached skill level 8 in Unarmed Combat
   198 | D        | Reached XP level 6. HP: 35/67 MP: 0/5
   200 | D        | Reached ***** piety under Trog
   219 | D        | Noticed a flying skull
   226 | D        | Killed a flying skull
   227 | D        | Reached skill level 9 in Unarmed Combat
   268 | D        | Noticed a ynoxinul
   272 | D        | Killed a ynoxinul
   273 | D        | Reached skill level 10 in Unarmed Combat
   273 | D        | Reached XP level 7. HP: 78/78 MP: 6/6
   295 | D        | Noticed a spriggan
   295 | D        | Noticed an orc knight
   295 | D        | Noticed an orc sorcerer
   295 | D        | Noticed an orc sorcerer
   303 | D        | Noticed a rust devil
   307 | D        | Noticed a smoke demon
   308 | D        | Killed a spriggan
   308 | D        | Reached ****** piety under Trog
   309 | D        | Reached skill level 11 in Unarmed Combat
   315 | D        | Killed an orc knight
   316 | D        | Reached skill level 12 in Unarmed Combat
   316 | D        | Reached XP level 8. HP: 53/89 MP: 7/7
   317 | D        | Killed an orc sorcerer
   318 | D        | Reached skill level 13 in Unarmed Combat
   319 | D        | Received a gift from Trog
   322 | D        | Killed an orc sorcerer
   323 | D        | Reached skill level 10 in Dodging
   323 | D        | Reached XP level 9. HP: 61/100 MP: 8/8
   324 | D        | Received a gift from Trog
   481 | D        | Noticed Menkaure
   486 | D        | Reached skill level 14 in Unarmed Combat
   488 | D        | Killed Menkaure
   488 | D        | Received a gift from Trog
   500 | D        | Noticed a komodo dragon
   511 | D        | Killed a komodo dragon
   569 | D        | Reached skill level 15 in Unarmed Combat
   571 | D        | Reached skill level 10 in Fighting
   578 | D        | Noticed a rakshasa
   579 | D        | Noticed a merfolk
   586 | D        | Mangled by a rakshasa

Illustrated notes

Levels and vault maps discovered:
D:        pitsprint [storerooms_1, entrance_room_1, metal_vault_2, armoury_1,
          mini_pit_1, grid_room_1, main_hall_1, silver_pit, the_coven_1,
          the_vestibule_1, steel_vault_1, golden_pit, hallway_of_sentries,
          crystal_vault_3, iron_vault_2, final_vault]

Skill      XL: |  1  2  3  4  5  6  7  8  9 |
---------------+----------------------------+-----
Fighting       | 4 5 6 7 8 9 10 | 10.0
Dodging        | 4 5 6 8 9 10 | 10.6
Unarmed Combat | 5 7 8 10 12 13 15 | 15.2

Action                     |  1- 3 |  4- 6 |  7- 9 || total
---------------------------+-------+-------+-------++-------
  Melee: Unarmed           |     6 |    52 |    48 ||   106
         Punch             |       |     2 |     3 ||     5
 Invoke: Brothers in Arms  |       |       |     2 ||     2
         Berserk           |       |       |     1 ||     1
    Use: Potion            |       |       |     3 ||     3
         Scroll            |       |       |     1 ||     1
 Armour: Animal skin       |     1 |    21 |    13 ||    35
  Dodge: Dodged            |       |    43 |    29 ||    72

Table legend: (Time is in decaauts)
 A = Elapsed time spent in this place.
 B = Non-inter-level travel time spent in this place.
 C = Inter-level travel time spent in this place.
 D = Time resting spent in this place.
 E = Time spent auto-exploring this place.
 F = Levels seen in this place.
 G = Mean time per level.
                   A        B        C        D        E       F      G
               +--------+--------+--------+--------+--------+-----+--------+
         Total |    577 |    532 |     45 |     29 |    160 |   1 |  577.0 |
       Dungeon |    577 |    532 |     45 |     29 |    160 |   1 |  577.0 |
               +--------+--------+--------+--------+--------+-----+--------+

Top non-repeatable levels by time:
       D: 577 daAuts
